 Dungeon Crawl Stone Soup version 0.16-a0-1157-gec61f8e (webtiles) character file.

7132 Qrupt the Carver (level 11, 0/82 (83) HPs)
             Began as a Human Gladiator on Oct 8, 2014.
             Was an Elder of Nemelex Xobeh.
             Succumbed to a scorpion's poison
             ... on level 9 of the Dungeon.
             The game lasted 01:01:30 (14735 turns).

Qrupt the Carver (Human Gladiator)                 Turns: 14735, Time: 01:01:31

HP:   0/82 (83)     AC: 12    Str: 14    XL:     11   Next: 31%
MP:   12/20         EV: 10    Int: 10    God:    Nemelex Xobeh [****..]
Gold: 418           SH:  6    Dex: 15    Spells: 0 memorised, 10 levels left

rFire  x . .     SeeInvis .     z - +2 long sword (freeze)
rCold  + . .     Clarity  +     G - +3 ring mail of Elyvilon {+Blink rN+}
rNeg   + . .     SustAb   .     D - +0 buckler
rPois  .         Gourm    .     n - +0 helmet
rElec  .         Spirit   .     (no cloak)
rCorr  .         Warding  .     e - +1 pair of gloves
rMut   .         Stasis   .     m - +0 pair of boots
MR     +....                    (no amulet)
Stlth  +.........               K - ring of protection from magic
                                b - ring of ice

@: lethally poisoned, somewhat resistant to hostile enchantments, very
unstealthy
A: berserk 1, clarity, low mp 1, weak 1
a: Draw One, Peek at Two, Triple Draw, Deal Four, Renounce Religion, Evoke Blink


You were on level 9 of the Dungeon.
You worshipped Nemelex Xobeh.
Nemelex Xobeh was greatly pleased with you.
You were not hungry.

You visited 1 branch of the dungeon, and saw 10 of its levels.

You collected 466 gold pieces.

Inventory:

Hand weapons
 p - a cursed +2 long sword
 z - a +2 long sword of freezing (weapon)
Armour
 e - a +1 pair of gloves (worn)
 m - a +0 pair of boots (worn)
 n - a +0 helmet (worn)
 w - a +0 ring mail
 D - a +0 buckler (worn)
 E - a +0 shield
 G - the +3 ring mail of Elyvilon (worn) {+Blink rN+}
   (You found it on level 8 of the Dungeon)

   It protects you from negative energy.
   It lets you blink.
Magical devices
 a - a wand of lightning (0)
 x - a wand of confusion (16)
 y - a wand of fire (0)
 F - a wand of digging (7)
 L - a wand of slowing (6)
Comestibles
 f - 8 bread rations
 i - 2 meat rations
 l - 5 royal jellies
 o - 13 fruits
 q - 2 chunks of yak flesh
 A - 3 rotting chunks of orc flesh
Scrolls
 d - a scroll of enchant weapon
 k - a scroll of immolation
 s - a scroll of holy word
 t - 2 scrolls of recharging
 C - 3 scrolls of identify
Jewellery
 b - a ring of ice (left hand)
 j - a +6 ring of intelligence
 r - an uncursed ring of flight
 J - a cursed ring of sustain abilities
 K - a ring of protection from magic (right hand)
Books
 c - a book of Burglary

   Spells                             Type                      Level
   Swiftness                          Charms/Air                   2
   Passwall                           Transmutation/Earth          3
   Passage of Golubria                Translocation                4
   Lee's Rapid Deconstruction         Earth                        5
   Invisibility                       Hexes                        6
   Darkness                           Hexes                        7
 h - a book of Flames

   Spells                             Type                      Level
   Flame Tongue                       Conjuration/Fire             1
   Throw Flame                        Conjuration/Fire             2
   Conjure Flame                      Conjuration/Fire             3
   Inner Flame                        Hexes/Fire                   3
   Sticky Flame                       Conjuration/Fire             4
   Fireball                           Conjuration/Fire             5
 v - a book of Alchemy

   Spells                             Type                      Level
   Sublimation of Blood               Necromancy                   2
   Alistair's Intoxication            Transmutation/Poison         4
   Condensation Shield                Ice                          4
   Petrify                            Transmutation/Earth          4
   Ignite Poison                      Fire/Transmutation           5
Miscellaneous
 g - a plain deck of escape
 u - a plain deck of escape
 I - an ornate deck of escape {drawn: 12}


   Skills:
 - Level 6.6 Fighting
 - Level 10.1 Long Blades
 - Level 2.2 Throwing
 - Level 1.6 Armour
 - Level 4.0 Dodging
 - Level 8.0 Shields
 + Level 9.1 Evocations


You had 10 spell levels left.
You didn't know any spells.

Dungeon Overview and Level Annotations

Branches:
Dungeon (10/15)            Temple (0/1) D:4             Orc (0/4) D:9
   Lair (0/8) D:10

Altars:
Elyvilon
Kikubaaqudgha
Nemelex Xobeh
Okawaru
Qazlal
Trog
Yredelemnul
Zin

Annotations:
D:2 Purgy
D:6 Pikel
D:9 braks' ghost, experienced DrTm


Innate Abilities, Weirdness & Mutations

You tend to lose your temper in combat.
You possess an exceptional clarity of mind.
Your magical capacity is low (-10% MP).
You are weak. (Str -2)


Message History

Use which ability? (? or * to list) Draw from which deck? (? for menu, Esc to quit)
You draw a card...
It is Warpwright.
* * * LOW HITPOINT WARNING * * *
You feel sick.
Really walk into that teleport trap?
You enter a teleport trap!
The teleport trap disappears.
Your surroundings suddenly seem different.
* * * LOW HITPOINT WARNING * * *
You feel sick.
The kobold shouts!
You slash the kobold! You freeze the kobold.
You kill the kobold!
* * * LOW HITPOINT WARNING * * *
You feel sick.
Use which ability? (? or * to list) Draw from which deck? (? for menu, Esc to quit)
You draw a card...
It is the Elixir.
You die...
Your body glows with a rainbow of weird colours and disappears.

.....#..#.#.####...#
.>...##########....#
...................#
...................#
...................#
...................#
...................#
...................#
#.#############.@).#
#..................#
#%.........##+#....#
#.......####..#....#
......###.....#....#
.....##....)..#....#
.....#s....#..#....#
....##...###..#....#
....#...# #..#...


There were no monsters in sight!

Vanquished Creatures
  A centaur warrior (D:9)
  2 two-headed ogres (D:9)
  3 yaks (D:9)
  A hungry ghost (D:8)
  A hippogriff (D:7)
  A steam dragon (D:9)
  3 wargs (D:10)
  Edmund (D:8)
  A water moccasin (D:6)
  An orc warrior (D:10)
  2 necrophages (D:8)
  4 slaves
  2 phantoms
  4 ice beasts
  2 centaurs
  7 ogres
  Duvessa (D:8)
  A big kobold (D:9)
  8 giant frogs
  2 scorpions
  An eye of draining (D:3)
  A troll skeleton (D:9)
  3 spriggan skeletons (D:9)
  A hippogriff skeleton (D:9)
  3 goliath beetles
  8 wights
  Dowan (D:8)
  2 giant frog zombies
  8 crimson imps
  A jelly (D:9)
  6 orc priests
  2 iguanas
  8 orc wizards
  A giant frog skeleton (D:10)
  5 hounds
  9 worker ants
  A centaur skeleton (D:9)
  Ijyb (D:2)
  A sky beast zombie (D:7)
  A mummy (D:9)
  A worker ant zombie (D:9)
  A gnoll (D:4)
  7 adders
  4 shadow imps
  A giant mite (D:2)
  2 worms (D:3)
  An iguana skeleton (D:5)
  2 adder skeletons (D:7)
  3 giant geckos
  22 orcs
  16 bats
  16 hobgoblins
  11 jackals
  20 kobolds
  3 quokkas
  10 giant cockroaches
  3 giant newts
  9 goblins
  A kobold zombie (D:8)
  An orc skeleton (D:5)
  An orc zombie (D:9)
  18 rats
265 creatures vanquished.

Vanquished Creatures (collateral kills)
  A gnoll (D:3)
  An orc (D:3)
2 creatures vanquished.

Vanquished Creatures (others)
  A giant cockroach (D:2)
  A giant gecko skeleton (D:4)
2 creatures vanquished.

Grand Total: 269 creatures vanquished

Notes
Turn   | Place    | Note
--------------------------------------------------------------
     0 | D:1      | Qrupt, the Human Gladiator, began the quest for the Orb.
     0 | D:1      | Reached XP level 1. HP: 16/16 MP: 1/1
   253 | D:1      | Reached XP level 2. HP: 22/22 MP: 2/2
   622 | D:1      | Reached XP level 3. HP: 27/27 MP: 3/3
  1152 | D:2      | Reached XP level 4. HP: 30/34 MP: 4/4
  1274 | D:2      | Noticed Ijyb
  1286 | D:2      | Killed Ijyb
  1286 | D:2      | Reached skill level 1 in Armour
  1286 | D:2      | Reached skill level 4 in Dodging
  1319 | D:2      | Found a sparkling altar of Nemelex Xobeh.
  1557 | D:2      | Became a worshipper of Nemelex Xobeh the Trickster
  1588 | D:3      | Noticed Purgy
  1790 | D:3      | Reached XP level 5. HP: 33/39 MP: 5/5
  1986 | D:3      | Received a gift from Nemelex Xobeh
  2363 | D:3      | Found a bloodstained altar of Trog.
  2632 | D:3      | Reached XP level 6. HP: 37/46 MP: 6/6
  2874 | D:4      | Found a staircase to the Ecumenical Temple.
  3407 | D:4      | Gained mutation: You are weak. (Str -2) [potion of mutation]
  3407 | D:4      | Gained mutation: Your magical capacity is low (-10% MP). [potion of mutation]
  3407 | D:4      | Gained mutation: You tend to lose your temper in combat. [potion of mutation]
  3460 | D:4      | Reached skill level 5 in Long Blades
  3621 | D:4      | Gained mutation: You possess an exceptional clarity of mind. [potion of beneficial mutation]
  3644 | D:4      | Acquired Nemelex Xobeh's first power
  3645 | D:4      | Found an ancient bone altar of Kikubaaqudgha.
  3772 | D:4      | Reached skill level 6 in Long Blades
  3772 | D:4      | Reached XP level 7. HP: 22/51 MP: 6/6
  4173 | D:4      | Reached skill level 7 in Long Blades
  4729 | D:5      | Entered Level 5 of the Dungeon
  4995 | D:5      | Reached XP level 8. HP: 35/57 MP: 7/7
  5011 | D:5      | Reached skill level 8 in Long Blades
  5203 | D:5      | Got a faintly glowing scale mail
  5214 | D:5      | Identified the cursed +0 scale mail of Supple Strength {Dex-4 Int-5} (You found it on level 5 of the Dungeon)
  5716 | D:5      | Acquired Nemelex Xobeh's second power
  5843 | D:6      | Found a stormy altar of Qazlal.
  5934 | D:6      | Reached skill level 9 in Long Blades
  6454 | D:6      | Received a gift from Nemelex Xobeh
  7263 | D:7      | Reached skill level 10 in Long Blades
  7263 | D:7      | Reached XP level 9. HP: 40/62 MP: 8/8
  7650 | D:7      | Noticed Pikel
  7657 | D:6      | Identified a scroll of acquirement
  8155 | D:7      | Reached skill level 5 in Fighting
  8609 | D:7      | Acquired Nemelex Xobeh's third power
  8815 | D:8      | Received a gift from Nemelex Xobeh
  8819 | D:8      | Noticed a skeletal warrior
  9802 | D:8      | Found a glowing silver altar of Zin.
 10069 | D:7      | Reached XP level 10. HP: 76/76 MP: 14/16
 10092 | D:8      | Reached skill level 5 in Evocations
 10231 | D:8      | Noticed Edmund
 10285 | D:8      | Killed Edmund
 10285 | D:8      | Reached skill level 1 in Shields
 10411 | D:8      | Noticed Dowan
 10412 | D:8      | Noticed Duvessa
 10642 | D:8      | Got a brightly glowing ring mail
 10653 | D:8      | Identified the cursed +3 ring mail of Elyvilon {+Blink rN+} (You found it on level 8 of the Dungeon)
 10669 | D:8      | Received a gift from Nemelex Xobeh
 10891 | D:8      | Killed Duvessa
 10903 | D:8      | Killed Dowan
 11103 | D:9      | Reached skill level 5 in Shields
 11485 | D:9      | Found an iron altar of Okawaru.
 11517 | D:9      | Found a staircase to the Orcish Mines.
 11558 | D:9      | Found a basalt altar of Yredelemnul.
 11657 | D:9      | Noticed braks' ghost (experienced DrTm)
 12164 | D:10     | Entered Level 10 of the Dungeon
 12176 | D:10     | Acquired Nemelex Xobeh's fourth power
 12176 | D:10     | Received a gift from Nemelex Xobeh
 12927 | D:10     | Found a staircase to the Lair.
 13345 | D:10     | HP: 2/76 [orc warrior/dire flail (12)]
 14103 | D:9      | Reached XP level 11. HP: 41/82 MP: 16/18
 14423 | D:9      | Found a white marble altar of Elyvilon.
 14702 | D:9      | Noticed a centaur warrior
 14728 | D:9      | Killed a centaur warrior
 14730 | D:9      | HP: 4/82 [poisoned by a scorpion]
 14734 | D:9      | HP: 1/82 [poisoned by a scorpion]
 14735 | D:9      | Succumbed to a scorpion's poison

Action                   |  1- 3 |  4- 6 |  7- 9 | 10-12 || total
-------------------------+-------+-------+-------+-------++-------
Melee: Long sword        |    88 |   201 |   438 |   313 ||  1040
       Falchion          |       |       |   242 |   224 ||   466
Throw: Throwing net      |       |     5 |       |       ||     5
Invok: Draw One          |       |       |     3 |    13 ||    16
Evoke: Deck              |       |     4 |       |       ||     4
       Wand              |       |       |       |    13 ||    13
  Use: Scroll            |       |    16 |     3 |     5 ||    24
       Potion            |       |     4 |     8 |     8 ||    20
 Stab: Confused          |       |       |       |     2 ||     2
       Invisible         |       |       |       |     2 ||     2
  Eat: Chunk             |       |     9 |    19 |    11 ||    39
       Pizza             |       |       |     1 |     2 ||     3
       Beef jerky        |       |       |       |     2 ||     2
